 Dungeon Crawl Stone Soup version 0.29-a0-334-gb41bcbb86e (webtiles) character file.

Game seed: 10114708906655009659

3311 dolemite99 the Cleaver (level 10, -1/129 HPs)
             Began as a Hill Orc Cinder Acolyte on Apr 15, 2022.
             Was an Initiate of Ignis.
             Slain by a troll (4 damage)
             ... on level 7 of the Dungeon on Apr 16, 2022.
             The game lasted 00:08:33 (10541 turns).

dolemite99 the Cleaver (Hill Orc Cinder Acolyte)   Turns: 10541, Time: 00:08:34

Health: -1/129     AC: 25    Str: 22    XL:     10   Next: 1%
Magic:  11/11      EV:  2    Int: 14    God:    Ignis [......]
Gold:   240        SH:  0    Dex:  6    Spells: 11/11 levels left

rFire   + . .      SeeInvis .   a - -1 hand axe (flame)
rCold   . . .      Faith    .   n - +0 buckler
rNeg    . . .      Spirit   .   (body armour currently unavailable)
rPois   +          Reflect  .   (helmet currently unavailable)
rElec   .          Harm     .   (cloak currently unavailable)
rCorr   .          Rampage  .   (gloves currently unavailable)
Will    .....      NoTele   +   (boots currently unavailable)
Stlth   +.........              (no amulet)
HPRegen 0.31/turn               v - ring of wizardry
MPRegen 0.12/turn               (no ring)

@: confused, tree-form, ambrosia-drunk
A: stationary, stasis, torment immunity, boosted hp
a: Renounce Religion


You were on level 7 of the Dungeon.
You worshipped Ignis.
Ignis was noncommittal.
You were a tree.
You visited 1 branch of the dungeon, and saw 7 of its levels.

You collected 298 gold pieces.
You spent 58 gold pieces at shops.

Inventory:

Hand Weapons
 a - a -1 hand axe of flaming (weapon)
 t - a +0 hunting sling
Armour
 g - a +0 helmet (melded)
 h - +0 acid dragon scales
 i - a +0 plate armour (melded)
 n - a +0 buckler (worn)
Jewellery
 j - a ring of see invisible
 q - a ring of resist corrosion
 v - a ring of wizardry (left branch)
Wands
 y - a wand of flame (42)
 z - a wand of iceblast (7)
Scrolls
 b - 2 scrolls of vulnerability
 e - a scroll of fear
 s - a scroll of fog
 A - a scroll of amnesia {unknown}
Potions
 c - 2 potions of brilliance
 f - a potion of resistance {unknown}
 k - a potion of haste
 m - 4 potions of attraction
 o - 2 potions of lignification
 p - a potion of ambrosia
 r - a potion of cancellation
 u - a potion of magic {unknown}
 w - 2 potions of mutation {unknown}
 x - a potion of degeneration {unknown}


   Skills:
 - Level 7.2 Fighting
 - Level 14.2 Axes
 + Level 7.5 Armour
 - Level 1.0 Spellcasting
 - Level 3.2 Fire Magic


You had 11 spell levels left.
You didn't know any spells.
Your spell library contained the following spells:

 Spells                   Type           Power      Damage    Failure   Level
 Scorch                   Fire           18%        2d6       6%          2
 Animate Skeleton         Necr           0%         N/A       14%         1
 Apportation              Tloc           0%         N/A       14%         1
 Beastly Appendage        Tmut           0%         N/A       14%         1
 Summon Small Mammal      Summ           0%         N/A       14%         1
 Confusing Touch          Hex            0%         N/A       38%         3
 Dazzling Flash           Conj/Hex       0%         N/A       38%         3
 Agony                    Necr           0%         N/A       98%         5
 Blade Hands              Tmut           0%         N/A       98%         5
 Silence                  Hex/Air        0%         N/A       98%         5
 Necromutation            Tmut/Necr      0%         N/A       100%        8


Dungeon Overview and Level Annotations

Branches:
Dungeon (7/15)             Temple (0/1) D:4

Altars:
Dithmenos
Elyvilon

Shops:
D:2 [


Message History

You hit the troll. You burn the troll.
The troll is heavily wounded.
The gnoll hits you but does no damage. The troll bites you but does no damage.
The troll claws you.
* * * LOW HITPOINT WARNING * * *
You block the troll's attack.
You hit the troll but do no damage.
The troll is heavily wounded.
The troll bites you but does no damage. The troll claws you but does no damage.
The troll claws you!
* * * LOW HITPOINT WARNING * * *
The gnoll hits you from afar with a +0 spear.
* * * LOW HITPOINT WARNING * * *
You barely miss the troll.
The troll is heavily wounded.
You hit the troll but do no damage.
The troll is heavily wounded.
The gnoll hits you but does no damage. The troll bites you!
* * * LOW HITPOINT WARNING * * *
The troll claws you but does no damage. You block the troll's attack.
You hit the troll but do no damage.
The troll is heavily wounded.
You closely miss the troll.
The troll is heavily wounded.
The gnoll hits you but does no damage. The troll bites you but does no damage.
The troll barely misses you. You block the troll's attack.
You hit the troll but do no damage.
The troll is heavily wounded.
The gnoll hits you but does no damage. The troll bites you but does no damage.
The troll claws you!
* * * LOW HITPOINT WARNING * * *
The troll claws you but does no damage.
You barely miss the troll.
The troll is moderately wounded.
You are confused.
You feel invigorated. The gnoll hits you but does no damage.
The troll bites you but does no damage. The troll claws you.
* * * LOW HITPOINT WARNING * * *
The troll claws you.
You die...

.# ..... .# .....
.# .......# .####
......... ....
.........## ..#
..........## ##T#
.......#..####♣.#
..
#...........)†)#
..
#......#.#.g...#
.<.
#......#######.#
..# #.....## #..
#.###....## ...
...#.....# ...#
........## #...
........## ###


You could see a troll and a gnoll.

Vanquished Creatures
  A two-headed ogre (D:6)
  Maggie (D:6)
  A troll (D:6)
  Sigmund (D:6)
  Eustachio (D:4)
  A steam dragon (D:7)
  An acid dragon (D:7)
  A water moccasin (D:7)
  A black bear (D:7)
  A sky beast (D:6)
  3 ogres
  An ice beast (D:4)
  2 phantoms
  3 scorpions
  4 jellies (D:6)
  2 howler monkeys (D:6)
  A hound (D:5)
  2 orc priests
  A gnoll shaman (D:5)
  4 iguanas
  Jessica (D:3)
  Terence (D:3)
  2 orc wizards
  5 gnolls
  9 adders
  An ufetubus (D:5)
  A worm (D:4)
  4 dart slugs
  21 orcs
  7 bats
  11 endoplasms
  A giant cockroach (D:1)
  7 goblins
  10 hobgoblins
  10 jackals
  4 kobolds
  4 quokkas
  8 ball pythons
  6 frilled lizards
  4 rats
150 creatures vanquished.

Vanquished Creatures (others)
  143 foxfires
143 creatures vanquished.

Grand Total: 293 creatures vanquished

Notes
Turn   | Place    | Note
-------+----------+-------------------------------------------
     0 | D:1      | dolemite99 the Hill Orc Cinder Acolyte began the quest for
                  | the Orb.
     0 | D:1      | Reached XP level 1. HP: 19/19 MP: 2/2
    10 | D:1      | Got the Reference Book on Mutagenic Enchantment
   504 | D:1      | Reached XP level 2. HP: 26/26 MP: 3/3
   592 | D:1      | Reached skill level 5 in Axes
  1115 | D:1      | Reached XP level 3. HP: 27/31 MP: 4/4
  1860 | D:2      | Reached skill level 6 in Axes
  2138 | D:2      | Reached XP level 4. HP: 39/39 MP: 5/5
  2153 | D:2      | Found a faded altar of an unknown god.
  2457 | D:2      | Found Hapry's Armour Shoppe.
  2470 | D:2      | Bought a +0 buckler for 58 gold pieces
  2855 | D:3      | Noticed an ogre
  3088 | D:3      | Reached skill level 7 in Axes
  3088 | D:3      | Reached XP level 5. HP: 42/45 MP: 6/6
  3316 | D:3      | Noticed Jessica
  3319 | D:3      | Killed Jessica
  3384 | D:3      | Reached skill level 8 in Axes
  3385 | D:3      | Found a white marble altar of Elyvilon.
  3395 | D:3      | Found a shadowy altar of Dithmenos.
  3435 | D:3      | Noticed Terence
  3449 | D:3      | Killed Terence
  3483 | D:3      | Killed an ogre
  3484 | D:3      | Reached skill level 9 in Axes
  3484 | D:3      | Reached XP level 6. HP: 47/51 MP: 7/7
  4098 | D:4      | Noticed Eustachio
  4124 | D:4      | Killed Eustachio
  4125 | D:4      | Reached skill level 10 in Axes
  4125 | D:4      | Reached XP level 7. HP: 23/57 MP: 8/8
  4572 | D:4      | Reached skill level 11 in Axes
  4942 | D:4      | Found a staircase to the Ecumenical Temple.
  5294 | D:5      | Entered Level 5 of the Dungeon
  5395 | D:5      | Reached skill level 12 in Axes
  5395 | D:5      | Reached XP level 8. HP: 47/64 MP: 9/9
  6597 | D:6      | Reached skill level 13 in Axes
  7050 | D:6      | Noticed a troll
  7061 | D:6      | Killed a troll
  7062 | D:6      | Reached skill level 14 in Axes
  7626 | D:6      | Noticed Maggie
  8346 | D:6      | Noticed Sigmund
  8387 | D:5      | Reached skill level 5 in Fighting
  8387 | D:5      | Reached XP level 9. HP: 49/74 MP: 10/10
  8708 | D:6      | Killed Maggie
  9123 | D:6      | Killed Sigmund
  9219 | D:6      | Noticed a two-headed ogre
  9237 | D:6      | Killed a two-headed ogre
  9238 | D:6      | Reached skill level 5 in Armour
 10522 | D:7      | Noticed a troll
 10531 | D:7      | Reached XP level 10. HP: 40/86 MP: 11/11
 10539 | D:7      | HP: 3/129 [troll (9)]
 10541 | D:7      | Slain by a troll

Illustrated notes

Levels and vault maps discovered:
D:1:      sevenhm_arrival_forest_fort_small_6, layout_loops_ring
D:2:      layout_rooms, serial_shops, nicolae_shop_statue_plus,
          ebering_ecumenical_altar_ruins, wad_orctagon
D:3:      layout_rooms, mainiacjoe_overflow_large_starburst, uniq_jessica,
          uniq_terence
D:4:      layout_loops_ring, minmay_temple_entry_overgrown, uniq_eustachio
D:5:      layout_loops_ring, minmay_misc_feat_tower
D:6:      wad_pebble_path, layout_loops_ring, minmay_door_square, uniq_maggie,
          uniq_sigmund
D:7:      layout_layer_cave, nemelex_spade_bored_becter, minivault_27,
          uniq_menkaure, uniq_joseph

Skill      XL: |  1  2  3  4  5  6  7  8  9 |
---------------+----------------------------+-----
Axes           | 5 6 7 9 10 12 14 | 14.2
Fighting       | 5 7 |  7.2
Armour         | 7 |  7.5
Spellcasting   | |  1.0
Fire Magic     | |  3.2

Action                   |  1- 3 |  4- 6 |  7- 9 | 10-12 || total
-------------------------+-------+-------+-------+-------++-------
Melee: Hand axe          |    99 |   131 |   367 |    10 ||   607
Throw: Dart              |    10 |    36 |    21 |       ||    67
Invok: Foxfire Swarm     |       |     8 |       |       ||     8
       Fiery Armour      |       |       |     2 |       ||     2
       Rising Flame      |       |       |     1 |       ||     1
  Use: Scroll            |       |     5 |     7 |       ||    12
       Potion            |       |       |    12 |     1 ||    13
Armor: Robe              |    14 |       |       |       ||    14
       Plate armour      |    42 |   110 |   154 |       ||   306
       Skin              |       |       |    45 |    16 ||    61
Dodge: Dodged            |    55 |    36 |    70 |     1 ||   162
Block: Buckler           |       |     8 |    23 |     3 ||    34

Table legend: (Time is in decaauts)
 A = Elapsed time spent in this place.
 B = Non-inter-level travel time spent in this place.
 C = Inter-level travel time spent in this place.
 D = Time resting spent in this place.
 E = Time spent auto-exploring this place.
 F = Levels seen in this place.
 G = Mean time per level.
                   A        B        C        D        E       F      G
               +--------+--------+--------+--------+--------+-----+--------+
         Total |  10411 |  10165 |    246 |   5081 |   3651 |   7 | 1487.3 |
       Dungeon |  10411 |  10165 |    246 |   5081 |   3651 |   7 | 1487.3 |
               +--------+--------+--------+--------+--------+-----+--------+

Top non-repeatable levels by time:
     D:6: 2933 daAuts
     D:1: 1828 daAuts
     D:5: 1757 daAuts
     D:2: 1243 daAuts
     D:4: 1217 daAuts
     D:3: 997 daAuts
     D:7: 434 daAuts
